 Dungeon Sprint DCSS version 0.22.1-2-g9c5b331383 (webtiles) character file.

466211 Groucho the Conqueror (level 23, 0/193 (197) HPs)
             Began as a Formicid Fighter on Dec 16, 2018.
             Was a High Priest of Cheibriados.
             Slain by a greater mummy (3 damage)
             ... in the Dungeon (Sprint IX: "|||||||||||||||||||||||||||||").
             The game lasted 00:39:58 (16250 turns).

Groucho the Conqueror (Formicid Fighter)           Turns: 16250, Time: 00:39:58

HP:   0/193 (197)   AC: 42    Str: 33    XL:     23   Next: 48%
MP:   10/43         EV: 30    Int: 21    God:    Cheibriados [*****.]
Gold: 1247          SH: 32    Dex: 26    Spells: 76/76 levels left

rFire    + + .     SeeInvis +   z - +9 great sword (slice)
rCold    + + +     Gourm    .   Q - +2 large shield
rNeg     . . .     Faith    +   Y - +10 gold dragon scales
rPois    +         Spirit   .   (helmet unavailable)
rElec    +         Reflect  .   Z - +2 cloak
rCorr    +         Harm     .   G - +1 pair of gloves {archery}
MR       ++...                  X - +2 pair of boots
Stlth    ..........             O - amulet "Ruiqovug" {Faith rPois Dex+2}
HPRegen  0.42/turn              y - ring of resist corrosion
MPRegen  0.28/turn              S - ring of Empal {Wiz rC+ Dex-2 Slay+5}

@: resistant, very slow
A: permanent stasis, dig shafts and tunnels, four strong arms, antennae 3,
clumsy 1, deformed body, frail 1, low mp 2, screaming 1, no potion heal 2,
subdued magic 1
}: 7/17 runes: decaying, serpentine, barnacled, slimy, elven, silver, gossamer
a: Dig, Bend Time, Temporal Distortion, Slouch, Step From Time, Renounce
Religion


You were in the Dungeon.
You worshipped Cheibriados.
Cheibriados was extremely pleased with you.
You were not hungry.

You visited 1 branch You collected 1937 gold pieces.
You spent 690 gold pieces at shops.

Inventory:

Hand Weapons
 e - a +0 great sword of flaming
 p - a +2 scimitar of flaming
 t - a +1 vampiric demon blade
 z - a +9 great sword of slicing (weapon)
 L - a +0 vampiric executioner's axe
 V - a +5 double sword of holy wrath
Missiles
 q - 42 javelins of returning
 A - 50 javelins
 N - 15 steel javelins (quivered)
Armour
 G - a +1 pair of gloves of archery (worn)
 Q - a +2 large shield (worn)
 X - a +2 pair of boots (worn)
 Y - +10 gold dragon scales (worn)
 Z - a +2 cloak (worn)
Jewellery
 x - an uncursed ring of protection from cold
 y - a ring of resist corrosion (left hand)
 B - an uncursed ring of protection from fire
 O - the amulet "Ruiqovug" (around neck) {Faith rPois Dex+2}
   (You found it in the Dungeon)

   [amulet of faith]

   It allows you to gain divine favour quickly.
   It affects your dexterity (+2).
   It protects you from poison.
 R - a +3 ring of slaying
 S - the ring of Empal (right hand) {Wiz rC+ Dex-2 Slay+5}
   (You found it in the Dungeon)

   [ring of wizardry]

   It improves your spell success rate.
   It affects your dexterity (-2).
   It affects your accuracy and damage with ranged weapons and melee attacks
   (+5).
   It protects you from cold.
 T - the ring "Telesail" {Fire MR++ Int+3 Stlth+}
   (You found it in the Dungeon)

   [ring of fire]

   It enhances your fire magic.
   It affects your intelligence (+3).
   It protects you from fire.
   It makes you vulnerable to cold.
   It affects your resistance to hostile enchantments.
   It makes you more stealthy.
 U - the ring "Duxt" {rF+ EV+3 Int+5}
   (You found it in the Dungeon)

   [ring of evasion]

   It affects your evasion (+3).
   It affects your intelligence (+5).
   It protects you from fire.
Wands
 o - a wand of iceblast (10)
 w - a wand of polymorph (16)
Scrolls
 a - 4 scrolls of identify
 k - 4 scrolls of blinking
 m - 5 scrolls of remove curse
 n - 2 scrolls of amnesia
 s - 9 scrolls of enchant weapon
 u - 5 scrolls of fog
 M - 2 scrolls of fear
Potions
 c - 4 potions of brilliance
 d - a potion of might
 g - 5 potions of agility
 h - 11 potions of haste
 i - 4 potions of magic
 j - a potion of berserk rage
Comestibles
 f - a ration


   Skills:
 O Level 27 Fighting
 O Level 27 Long Blades
 + Level 8.6 Axes
 O Level 27 Throwing
 O Level 27 Armour
 O Level 27 Dodging
 O Level 27 Shields
 + Level 8.6 Unarmed Combat
 O Level 27 Spellcasting
 O Level 27 Invocations
 O Level 27 Evocations


You had 76 spell levels left.
You didn't know any spells.
Your spell library was empty.

Dungeon Overview and Level Annotations

Branches:
Dungeon (1/1)

Altars:
Cheibriados
Dithmenos
Elyvilon
Fedhas
Gozag
Hepliaklqana
Kikubaaqudgha
Makhleb
Nemelex Xobeh
Okawaru
Qazlal
Ru
Sif Muna
Trog
Uskayaw
Vehumet
Wu Jian
Xom
Yredelemnul
Zin
The Shining One
Beogh
Jiyva
Lugonu

Shops:
D *%=(


Innate Abilities, Weirdness & Mutations

You cannot be hasted, slowed, berserked, paralysed or teleported.
You can dig through walls and to a lower floor.
Your four strong arms can wield two-handed weapons with a shield.
You have a pair of large antennae on your head. (SInv)
You are clumsy. (Dex -2)
Armour fits poorly on your strangely shaped body.
You are frail. (-10% HP)
Your magical capacity is very low. (-20% MP)
You occasionally shout uncontrollably at your foes.
Potions are poor at restoring your health.
Your spells are a little easier to cast, but a little less powerful.


Message History

Unknown command.
You can feel time thicken for a moment.
You destroy the guardian mummy!
Cheibriados appreciates the change of pace.
You feel extremely nervous for a moment...
Your flesh rots away!
You feel somewhat more hungry.
Cheibriados lowers the support of your attributes as your movement quickens.
You block the greater mummy's attack.
Unknown command.
You can feel time thicken for a moment.
You feel somewhat more hungry.
Cheibriados lowers the support of your attributes as your movement quickens.
A greater mummy comes into view.
You block the greater mummy's attack.
Unknown command.
Unknown command.
You can feel time thicken for a moment.
You feel somewhat more hungry.
Cheibriados lowers the support of your attributes as your movement quickens.
The greater mummy gestures wildly while chanting.
The greater mummy hits you.
You die... { { { { { ▓▓▓▓▓▓▓▓▓▓▓▓▓▓▓▓▓▓▓▓▓▓▓▓ ......'.........@MMMM.M. { {{{{{{

▓▓▓▓▓▓▓▓▓▓▓▓▓▓▓▓▓▓▓▓▓▓▓▓▓▓▓▓▓▓▓▓▓
.................................
♣♣♣♣▓▓▓▓▓▓▓▓▓▓▓▓▓▓▓▓▓▓▓▓▓▓▓▓▓▓▓▓▓
...(()))))())))....'.............
♣♣♣♣▓▓▓▓▓▓▓▓▓▓▓▓▓▓▓▓▓▓▓▓▓▓▓▓▓▓▓▓▓
.................................
▓▓▓▓▓▓▓▓▓▓▓▓▓▓▓▓▓▓▓▓▓▓▓▓▓▓▓▓▓▓▓▓▓
......).'.'.)).............'.....


You could see 5 greater mummies.

Vanquished Creatures
  the Royal Jelly (D)
  5 orbs of fire (D)
  Mara (D)
  Mennas (D)
  7 ancient liches (D)
  Margery (D)
  Xtahua (D)
  A Killer Klown (D)
  4 golden dragons (D)
  Jory (D)
  2 electric golems (D)
  2 liches (D)
  Rupert (D)
  3 tentacled monstrosities (D)
  3 deep elf blademasters (D)
  28 Orb Guardians (D)
  3 quicksilver dragons (D)
  13 acid blobs (D)
  4 deep elf master archers (D)
  Agnes (D)
  12 sphinxes (D)
  A thorn hunter (D)
  Gastronok (D)
  A storm dragon (D)
  5 shadow dragons (D)
  4 fire giants (D)
  4 nagarajas (D)
  Ilsuiw (D)
  Donald (D)
  3 draconian monks (D)
  6 azure jellies (D)
  5 ghost moths (D)
  2 deep elf sorcerers (D)
  4 draconian knights (D)
  6 emperor scorpions (D)
  Louise (D)
  A vault warden (D)
  2 draconian scorchers (D)
  2 orc warlords (D)
  2 draconian annihilators (D)
  5 draconian shifters (D)
  4 ironheart preservers (D)
  2 very ugly things (D)
  A green draconian (D)
  5 stone giants (D)
  5 vampire knights (D)
  4 black draconians (D)
  3 yellow draconians (D)
  Azrael (D)
  4 red draconians (D)
  3 deep elf annihilators (D)
  3 purple draconians (D)
  4 white draconians (D)
  Snorg (D)
  3 ettins (D)
  9 death oozes (D)
  A deep elf death mage (D)
  7 merfolk javelineers (D)
  A mummy priest (D)
  5 fire dragons (D)
  3 yaktaur captains (D)
  A deep elf high priest (D)
  3 great orbs of eyes (D)
  3 merfolk impalers (D)
  25 vault guards (D)
  4 rakshasas (D)
  A naga warrior (D)
  4 ice dragons (D)
  6 hydras (D)
  2 spriggan air magi (D)
  A merfolk avatar (D)
  2 ogre magi (D)
  2 merfolk aquamancers (D)
  An alligator (D)
  3 deep troll shamans (D)
  A two-headed ogre (D)
  An orc high priest (D)
  A spriggan berserker (D)
  2 naga sharpshooters (D)
  4 hell knights (D)
  3 deep elf knights (D)
  Sonja (D)
  Urug (D)
  A spriggan druid (D)
  A fire crab (shapeshifter) (D)
  A shambling mangrove (D)
  A sea snake (D)
  A deep elf archer (D)
  6 swamp dragons (D)
  2 ironbrand convokers (D)
  5 necromancers (D)
  A mana viper (D)
  8 orc knights (D)
  A harpy (D)
  A wolf spider (shapeshifter) (D)
  An orc sorcerer (D)
  7 wolf spiders (D)
  A manticore (D)
  6 moths of wrath (D)
  2 merfolk sirens (D)
  5 vault sentinels (D)
  2 black mambas (D)
  6 naga magi (D)
  A guardian serpent (D)
  5 spiny frogs (D)
  A water nymph (D)
  A gargoyle (D)
  A rime drake (D)
  A demonic crawler (D)
  2 freezing wraiths (D)
  3 yaktaurs (D)
  A tengu conjurer (D)
  21 guardian mummies (D)
  A troll (D)
  2 jumping spiders (D)
  3 polar bears (D)
  A hornet (D)
  A meliai (D)
  2 tyrant leeches (D)
  5 slime creatures (D)
  4 hippogriffs (D)
  A snapping turtle (D)
  3 redbacks (D)
  11 spriggans (D)
  A shadow (D)
  2 fire elementals (D)
  A golden eye (D)
  A wyvern (D)
  A vampire mosquito (D)
  5 nagas (D)
  2 acid dragons (D)
  A floating eye (D)
  4 water moccasins (D)
  3 hell hounds (D)
  A floating eye (shapeshifter) (D)
  A phantom (D)
  12 orc warriors (D)
  An ice beast (D)
  2 sky beasts (D)
  5 black bears (D)
  An eye of draining (D)
  2 centaurs (D)
  4 crocodiles (D)
  4 bullfrogs (D)
  A wight (D)
  A crimson imp (D)
  A hound (D)
  4 orc priests (D)
  2 orc wizards (D)
  2 worker ants (D)
  A shadow imp (D)
  An ooze (D)
  13 orcs (D)
  A bat (D)
  A goblin (D)
  2 kobolds (D)
  A quokka zombie (D)
  A rat (D)
509 creatures vanquished.

Vanquished Creatures (others)
  A draconian knight (D)
  A briar patch (D)
2 creatures vanquished.

Grand Total: 511 creatures vanquished

Notes
Turn   | Place    | Note
-------+----------+-------------------------------------------
     0 | D        | Groucho the Formicid Fighter began the quest for the Orb.
     0 | D        | Reached XP level 1. HP: 18/18 MP: 1/1
    21 | D        | Noticed a phantom
    21 | D        | Noticed a worker ant
    21 | D        | Noticed a sky beast
    21 | D        | Noticed a crimson imp
    28 | D        | Killed a worker ant
    28 | D        | Reached skill level 5 in Shields
    28 | D        | Reached XP level 2. HP: 19/26 MP: 2/2
    28 | D        | Reached XP level 3. HP: 22/31 MP: 3/3
    55 | D        | Killed a sky beast
    55 | D        | Reached skill level 5 in Long Blades
    55 | D        | Reached XP level 4. HP: 17/40 MP: 4/4
    55 | D        | Reached XP level 5. HP: 19/46 MP: 5/5
    61 | D        | Found a roughly hewn altar of Beogh.
    61 | D        | Found a snail-covered altar of Cheibriados.
    61 | D        | Found a shadowy altar of Dithmenos.
    61 | D        | Found a white marble altar of Elyvilon.
    61 | D        | Found a blossoming altar of Fedhas.
    61 | D        | Found an opulent altar of Gozag.
    62 | D        | Found a hazy altar of Hepliaklqana.
    63 | D        | Found a viscous altar of Jiyva.
    64 | D        | Found an ancient bone altar of Kikubaaqudgha.
    65 | D        | Became a worshipper of Cheibriados the Contemplative
    68 | D        | Found a corrupted altar of Lugonu.
    69 | D        | Found a burning altar of Makhleb.
    70 | D        | Found a sparkling altar of Nemelex Xobeh.
    71 | D        | Found an iron altar of Okawaru.
    72 | D        | Found a stormy altar of Qazlal.
    73 | D        | Found a sacrificial altar of Ru.
    74 | D        | Found a deep blue altar of Sif Muna.
    75 | D        | Found a bloodstained altar of Trog.
    76 | D        | Found a hide-covered altar of Uskayaw.
    77 | D        | Found a radiant altar of Vehumet.
    78 | D        | Found an ornate altar of the Wu Jian Council.
    79 | D        | Found a shimmering altar of Xom.
    80 | D        | Found a basalt altar of Yredelemnul.
    85 | D        | Found a glowing silver altar of Zin.
    86 | D        | Found a glowing golden altar of the Shining One.
   122 | D        | Killed a phantom
   122 | D        | Reached XP level 6. HP: 42/55 MP: 6/6
   159 | D        | Noticed a troll
   161 | D        | Reached * piety under Cheibriados
   165 | D        | Reached ** piety under Cheibriados
   165 | D        | Reached XP level 7. HP: 58/63 MP: 6/8
   179 | D        | Killed a troll
   186 | D        | Noticed a two-headed ogre
   193 | D        | Reached *** piety under Cheibriados
   193 | D        | Reached skill level 10 in Shields
   193 | D        | Reached XP level 8. HP: 51/71 MP: 9/11
   200 | D        | Reached skill level 5 in Invocations
   212 | D        | Killed a two-headed ogre
   212 | D        | Reached **** piety under Cheibriados
   212 | D        | Reached skill level 10 in Fighting
   212 | D        | Reached skill level 10 in Armour
   212 | D        | Reached XP level 9. HP: 20/79 MP: 12/14
   228 | D        | Reached skill level 10 in Long Blades
   812 | D        | Noticed a spiny frog
   812 | D        | Noticed a spiny frog
   812 | D        | Noticed a spiny frog
   812 | D        | Noticed a hippogriff
   814 | D        | Reached ***** piety under Cheibriados
   815 | D        | Noticed a hippogriff
   826 | D        | Killed a spiny frog
   830 | D        | Killed a spiny frog
   830 | D        | Reached skill level 10 in Invocations
   833 | D        | Killed a spiny frog
   833 | D        | Reached XP level 10. HP: 64/86 MP: 11/18
  1085 | D        | Noticed a spiny frog
  1085 | D        | Noticed a spiny frog
  1089 | D        | Killed a spiny frog
  1089 | D        | Reached ****** piety under Cheibriados
  1089 | D        | Reached skill level 1 in Dodging
  1089 | D        | Noticed a rime drake
  1094 | D        | Killed a spiny frog
  1098 | D        | Killed a rime drake
  1136 | D        | Reached XP level 11. HP: 81/95 MP: 20/20
  1200 | D        | Noticed Sonja
  1207 | D        | Killed Sonja
  1207 | D        | Reached skill level 5 in Dodging
  1309 | D        | Noticed an orc high priest
  1309 | D        | Noticed an orc knight
  1323 | D        | Noticed a soul eater
  1327 | D        | Killed an orc high priest
  1332 | D        | Killed an orc knight
  1709 | D        | Noticed an ettin
  1729 | D        | Killed an ettin
  1795 | D        | Found Inuorch's General Store.
  1795 | D        | Noticed an orc knight
  1795 | D        | Noticed an orc knight
  1796 | D        | Noticed an orc knight
  1800 | D        | Noticed an orc knight
  1803 | D        | Killed an orc knight
  1804 | D        | Found Edwum's Food Shoppe.
  1806 | D        | Killed an orc knight
  1810 | D        | Killed an orc knight
  1811 | D        | Noticed an orc sorcerer
  1818 | D        | Killed an orc sorcerer
  1818 | D        | Reached XP level 12. HP: 71/106 MP: 13/21
  1821 | D        | Found Kewamm's Jewellery Emporium.
  1825 | D        | Found Misyavatt's Antique Weapon Shoppe.
  1890 | D        | Bought a scroll of enchant weapon for 105 gold pieces
  1896 | D        | Bought an uncursed ring of protection from cold for 325
                  | gold pieces
  1896 | D        | Bought an uncursed ring of resist corrosion for 260 gold
                  | pieces
  1931 | D        | Noticed Urug
  1950 | D        | Killed Urug
  1981 | D        | Noticed Gastronok
  1992 | D        | Killed Gastronok
  2149 | D        | Noticed a rakshasa
  2150 | D        | Noticed a fire giant
  2151 | D        | Reached skill level 15 in Fighting
  2164 | D        | Killed a rakshasa
  2164 | D        | Reached skill level 15 in Armour
  2164 | D        | Reached skill level 10 in Dodging
  2166 | D        | HP: 3/109 [fire giant/fireball (25)]
  2168 | D        | Killed a fire giant
  2168 | D        | Reached skill level 15 in Long Blades
  2560 | D        | Noticed a deep troll shaman
  2561 | D        | Noticed a fire crab
  2562 | D        | Noticed an ettin
  2565 | D        | Killed a deep troll shaman
  2567 | D        | Killed a fire crab
  2575 | D        | Killed an ettin
  2575 | D        | Reached XP level 13. HP: 36/117 MP: 22/22
  2975 | D        | Noticed Agnes
  2984 | D        | Killed Agnes
  3011 | D        | Noticed Azrael
  3019 | D        | Noticed Snorg
  3027 | D        | Killed Azrael
  3030 | D        | Killed Snorg
  3415 | D        | Noticed a naga warrior
  3449 | D        | Killed a naga warrior
  3973 | D        | Noticed an emperor scorpion
  3983 | D        | Killed an emperor scorpion
  4208 | D        | Noticed a thorn hunter
  4216 | D        | Reached XP level 14. HP: 104/130 MP: 19/23
  4227 | D        | Killed a thorn hunter
  4777 | D        | Noticed a fire giant
  4788 | D        | Killed a fire giant
  4802 | D        | Noticed a stone giant
  4809 | D        | Noticed a stone giant
  4817 | D        | Noticed a fire giant
  4826 | D        | Killed a stone giant
  4838 | D        | Killed a stone giant
  4841 | D        | Killed a fire giant
  5304 | D        | Noticed an ironheart preserver
  5309 | D        | Reached XP level 15. HP: 149/149 MP: 24/24
  5317 | D        | Killed an ironheart preserver
  5342 | D        | Noticed a vault warden
  5360 | D        | Killed a vault warden
  5360 | D        | Reached skill level 15 in Shields
  5376 | D        | Noticed an ironheart preserver
  5384 | D        | Killed an ironheart preserver
  5702 | D        | Noticed Jory
  5727 | D        | Killed Jory
  6450 | D        | Found the +8 trident of the Octopus King {venom, rElec
                  | rPois MR+}
  6451 | D        | Found the +8 storm bow {elec}
  6555 | D        | Noticed Xtahua
  6562 | D        | Killed Xtahua
  6610 | D        | Noticed a nagaraja
  6610 | D        | Noticed a nagaraja
  6613 | D        | Killed a nagaraja
  6617 | D        | Noticed a nagaraja
  6625 | D        | Killed a nagaraja
  6625 | D        | Noticed a nagaraja
  6629 | D        | Killed a nagaraja
  6640 | D        | Killed a nagaraja
  6646 | D        | Got a serpentine rune of Zot
  7164 | D        | Reached XP level 16. HP: 146/161 MP: 25/25
  7189 | D        | Got a decaying rune of Zot
  7410 | D        | Reached skill level 15 in Dodging
  7417 | D        | Got a gossamer rune of Zot
  7846 | D        | Noticed Ilsuiw
  7861 | D        | Killed Ilsuiw
  7906 | D        | Got a barnacled rune of Zot
  8259 | D        | Noticed Mennas
  8294 | D        | Killed Mennas
  8294 | D        | Reached XP level 17. HP: 87/171 MP: 26/26
  8708 | D        | Reached skill level 10 in Throwing
  8781 | D        | Reached skill level 15 in Throwing
  8833 | D        | Reached skill level 27 in Fighting
  8848 | D        | Noticed a shadow dragon
  8854 | D        | Noticed a shadow dragon
  8870 | D        | Killed a shadow dragon
  8878 | D        | Killed a shadow dragon
  9127 | D        | Noticed a shadow dragon
  9127 | D        | Noticed a golden dragon
  9127 | D        | Noticed a quicksilver dragon
  9127 | D        | Noticed a shadow dragon
  9130 | D        | Noticed a shadow dragon
  9140 | D        | Killed a golden dragon
  9140 | D        | Reached XP level 18. HP: 151/182 MP: 27/27
  9144 | D        | Noticed an ancient lich
  9155 | D        | Noticed a Brimstone Fiend
  9157 | D        | Killed a quicksilver dragon
  9159 | D        | Killed an ancient lich
  9567 | D        | Got a silver rune of Zot
  9767 | D        | Noticed Louise
  9777 | D        | Killed Louise
  9829 | D        | Noticed Margery
  9838 | D        | Killed Margery
 10184 | D        | Got the amulet "Ruiqovug" {Faith rPois Dex+2}
 10188 | D        | Got the ring of Empal {Wiz rC+ Dex-2 Slay+5}
 10190 | D        | Got the ring "Telesail" {Fire MR++ Int+3 Stlth+}
 10192 | D        | Got the ring "Duxt" {rF+ EV+3 Int+5}
 10325 | D        | Noticed Mara
 10331 | D        | Noticed Groucho's illusion
 10345 | D        | Killed Mara
 10653 | D        | Noticed Rupert
 10663 | D        | Killed Rupert
 10670 | D        | Noticed Donald
 10680 | D        | Killed Donald
 10921 | D        | Noticed a golden dragon
 10950 | D        | Killed a golden dragon
 10952 | D        | Reached XP level 19. HP: 189/189 MP: 28/28
 11127 | D        | Noticed a tentacled monstrosity
 11135 | D        | Killed a tentacled monstrosity
 11211 | D        | Noticed a tentacled monstrosity
 11218 | D        | Killed a tentacled monstrosity
 11226 | D        | Reached skill level 27 in Armour
 11339 | D        | Reached skill level 27 in Shields
 11372 | D        | Reached skill level 27 in Dodging
 11701 | D        | Noticed a golden dragon
 11725 | D        | Killed a golden dragon
 11856 | D        | Noticed an Orb Guardian
 11856 | D        | Noticed an Orb Guardian
 11856 | D        | Noticed an Orb Guardian
 11856 | D        | Noticed an Orb Guardian
 11856 | D        | Noticed an Orb Guardian
 11856 | D        | Noticed an Orb Guardian
 11859 | D        | Killed an Orb Guardian
 11862 | D        | Noticed an Orb Guardian
 11866 | D        | Killed an Orb Guardian
 11868 | D        | Killed an Orb Guardian
 11868 | D        | Reached skill level 15 in Invocations
 11870 | D        | Killed an Orb Guardian
 11870 | D        | Reached XP level 20. HP: 197/197 MP: 29/31
 11919 | D        | Noticed a tentacled monstrosity
 11919 | D        | Noticed a golden dragon
 11924 | D        | Killed a tentacled monstrosity
 11940 | D        | Killed a golden dragon
 12294 | D        | Noticed an ancient lich
 12298 | D        | Killed an ancient lich
 12301 | D        | Noticed an orb of fire
 12313 | D        | Killed an orb of fire
 12316 | D        | Noticed an electric golem
 12327 | D        | Killed an electric golem
 12631 | D        | Noticed an orb of fire
 12631 | D        | Noticed an orb of fire
 12632 | D        | Gained mutation: Potions are less effective at restoring
                  | your health. [an orb of fire]
 12634 | D        | Noticed an orb of fire
 12635 | D        | Gained mutation: Your magical capacity is low. (-10% MP)
                  | [an orb of fire]
 12636 | D        | Gained mutation: Armour fits poorly on your strangely
                  | shaped body. [an orb of fire]
 12637 | D        | Killed an orb of fire
 12641 | D        | Gained mutation: Potions are poor at restoring your health.
                  | [an orb of fire]
 12643 | D        | Gained mutation: You are frail. (-10% HP) [an orb of fire]
 12645 | D        | Noticed an electric golem
 12654 | D        | Killed an orb of fire
 12654 | D        | Reached skill level 27 in Long Blades
 12657 | D        | Gained mutation: You occasionally shout uncontrollably at
                  | your foes. [an orb of fire]
 12661 | D        | Gained mutation: You are clumsy. (Dex -2) [an orb of fire]
 12673 | D        | Gained mutation: Your magical capacity is very low. (-20%
                  | MP) [an orb of fire]
 12674 | D        | Killed an orb of fire
 12674 | D        | Reached XP level 21. HP: 16/183 MP: 26/29
 12674 | D        | Noticed a Killer Klown
 12675 | D        | Killed an electric golem
 12676 | D        | Noticed an ancient lich
 12681 | D        | Killed a Killer Klown
 12686 | D        | Killed an ancient lich
 12690 | D        | Noticed an orb of fire
 12823 | D        | Gained mutation: Your spells are a little easier to cast,
                  | but a little less powerful. [an orb of fire]
 12840 | D        | Killed an orb of fire
 13409 | D        | Reached skill level 27 in Invocations
 13424 | D        | Reached skill level 27 in Throwing
 13435 | D        | Reached skill level 5 in Evocations
 13461 | D        | Reached skill level 10 in Evocations
 13465 | D        | Reached skill level 10 in Spellcasting
 13573 | D        | Noticed a lich
 13573 | D        | Noticed an ancient lich
 13573 | D        | Noticed an ancient lich
 13577 | D        | Noticed an ancient lich
 13578 | D        | Killed a lich
 13587 | D        | Reached XP level 22. HP: 168/190 MP: 31/31
 13588 | D        | Noticed an ancient lich
 13597 | D        | Killed an ancient lich
 13597 | D        | Reached skill level 15 in Evocations
 13603 | D        | Killed an ancient lich
 13603 | D        | Reached skill level 15 in Spellcasting
 13603 | D        | Killed an ancient lich
 13603 | D        | Killed an ancient lich
 14204 | D        | Got an elven rune of Zot
 14450 | D        | Noticed the Royal Jelly
 14459 | D        | Killed the Royal Jelly
 14459 | D        | Reached XP level 23. HP: 143/197 MP: 14/40
 14837 | D        | Got a slimy rune of Zot
 14946 | D        | Reached skill level 27 in Evocations
 14971 | D        | Reached skill level 27 in Spellcasting
 15001 | D        | Reached skill level 5 in Axes
 15001 | D        | Reached skill level 5 in Unarmed Combat
 16241 | D        | Noticed a greater mummy
 16241 | D        | Noticed a greater mummy
 16241 | D        | Noticed a greater mummy
 16241 | D        | Noticed a greater mummy
 16247 | D        | HP: 2/194 [greater mummy/divine providence (15)]
 16249 | D        | Noticed a greater mummy
 16250 | D        | Slain by a greater mummy

Skill      XL: |  1  2  3  4  5  6  7  8  9 10 11 12 13 14 15 16 17 18 19 20 21 22 23 |
---------------+----------------------------------------------------------------------+-----
Shields        | 5 6 8 9 10 11 14 17 20 22 25 27 | 27.0
Fighting       | 4 6 7 8 9 10 11 13 16 18 23 24 26 27 | 27.0
Long Blades    | 3 5 6 7 8 9 12 14 15 18 20 22 27 | 27.0
Armour         | 4 6 7 8 9 10 11 13 16 17 18 20 22 23 26 27 | 27.0
Invocations    | 2 4 7 11 12 15 23 27 | 27.0
Dodging        | 4 8 10 13 16 19 23 27 | 27.0
Throwing       | 6 16 17 22 27 | 27.0
Spellcasting   | 12 23 27 | 27.0
Evocations     | 13 25 27 | 27.0
Axes           | 8 |  8.6
Unarmed Combat | 8 |  8.6

Action                   |  1- 3 |  4- 6 |  7- 9 | 10-12 | 13-15 | 16-18 | 19-21 | 22-24 || total
-------------------------+-------+-------+-------+-------+-------+-------+-------+-------++-------
Melee: Long sword        |    42 |    24 |       |       |       |       |       |       ||    66
       Scimitar          |       |     5 |    67 |   155 |       |       |       |       ||   227
       Unarmed           |       |       |       |     2 |       |       |       |       ||     2
       Great sword       |       |       |       |    55 |   338 |   426 |   424 |   185 ||  1428
Throw: Javelin           |       |       |       |       |     1 |    46 |    18 |       ||    65
Invok: Slouch            |       |       |     1 |    15 |    23 |    24 |    13 |    32 ||   108
  Use: Potion            |     2 |     2 |     5 |     2 |     1 |     1 |     5 |     2 ||    20
       Scroll            |       |       |       |       |       |     6 |     4 |       ||    10
 Stab: Invisible         |       |     1 |     5 |       |       |       |       |       ||     6
  Eat: Ration            |       |       |       |     2 |     2 |     3 |     1 |     3 ||    11
       Chunk             |       |       |       |       |       |       |     1 |       ||     1
Armor: Scale mail        |    23 |     4 |       |       |       |       |       |       ||    27
       Plate armour      |       |       |    12 |    38 |    77 |    60 |       |       ||   187
       Gold dragon scale |       |       |       |       |       |    18 |    43 |    34 ||    95
Dodge: Dodged            |    20 |     9 |    24 |    60 |   148 |   181 |   104 |    91 ||   637
Block: Shield            |    25 |    19 |    50 |   121 |   204 |   156 |       |       ||   575
       Large shield      |       |       |       |       |       |   202 |   310 |   167 ||   679
       Rpst.: Long sword |     5 |     1 |       |       |       |       |       |       ||     6
       Scimitar          |       |     3 |     1 |     4 |       |       |       |       ||     8
       Great sword       |       |       |       |     2 |    20 |    16 |    14 |    12 ||    64
